 Dungeon Crawl Stone Soup version 0.17-a0-1141-g3e25b61 (webtiles) character file.

178601 Fluffy the Severer (level 17, -3/162 HPs)
             Began as a Hill Orc Fighter on May 25, 2015.
             Was the Champion of Okawaru.
             Slain by a redback (6 damage)
             ... on level 4 of the Spider Nest on May 26, 2015.
             The game lasted 02:30:42 (38271 turns).

Fluffy the Severer (Hill Orc Fighter)              Turns: 38271, Time: 02:30:42

Health: -3/162     AC: -1    Str: 21    XL:     17   Next: 88%
Magic:  24/24      EV:  8    Int: 10    God:    Okawaru [******]
Gold:   2790       SH: 21    Dex: 20    Spells: 0 memorised, 16 levels left

rFire  . . .     SeeInvis .     S - +3 broad axe (vamp)
rCold  + + .     Clarity  .     W - +3 crystal plate armour
rNeg   + . .     SustAt   .     Y - +2 large shield {AC+3}
rPois  +         Gourm    .     c - +0 hat {Int+3}
rElec  .         Spirit   .     F - +1 ratskin cloak {rPois rN+ Int-1 Dex-1}
rCorr  .         Warding  .     Z - +2 pair of gloves of Goepn {MR+}
rMut   .         Stasis   .     M - +0 pair of boots of Masochism {Dex+4}
MR     +++..                    n - amulet of faith
Stlth  ..........               D - ring of protection from magic
                                s - ring of protection from cold

@: lethally poisoned (-3 -> -21), exhausted, corroded equipment, slowed, very
slow, extremely resistant to hostile enchantments, extremely unstealthy
A: thin skeletal structure 1, cold resistance 1
a: Heroism, Finesse, Renounce Religion
}: 1/15 runes: decaying


You were on level 4 of the Spider Nest.
You worshipped Okawaru.
Okawaru was exalted by your worship.
You were hungry.

You visited 6 branches of the dungeon, and saw 31 of its levels.
You also visited: Labyrinth, Ossuary and Volcano.

You collected 3369 gold pieces.
You spent 579 gold pieces at shops.

Inventory:

Hand weapons
 b - a +1 war axe of flaming
 S - a +3 vampiric broad axe (weapon)
Armour
 c - a +0 hat of intelligence (worn)
 C - the +3 scale mail "Yvanopul" {rC+ rN+ rCorr Str+2}
   (Okawaru gifted it to you on level 4 of the Orcish Mines)

   It affects your strength (+2).
   It protects you from cold.
   It protects you from negative energy.
   It protects you from acid and corrosion.
 F - the +1 ratskin cloak (worn) {rPois rN+ Int-1 Dex-1}
   (You bought it in a shop on level 4 of the Orcish Mines)

   It affects your intelligence (-1).
   It affects your dexterity (-1).
   It protects you from poison.
   It protects you from negative energy.
 M - the +0 pair of boots of Masochism (worn) {Dex+4}
   (You acquired it on level 1 of the Spider Nest)

   It affects your dexterity (+4).
 T - a +0 shield of reflection
 U - a +3 chain mail of fire resistance
 W - a +3 crystal plate armour (worn)
 Y - a +2 large shield of protection (worn)
 Z - the +2 pair of gloves of Goepn (worn) {MR+}
   (You found it on level 6 of the Lair of Beasts)

   It affects your resistance to hostile enchantments.
Rods
 y - a +2 rod of destruction (11/11)
   (You took it off a minotaur in a labyrinth)
 O - a -1 rod of destruction (9/9)
   (You found it on level 3 of the Lair of Beasts)
 R - a +3 rod of ignition (13/13)
   (You found it in a labyrinth)
Jewellery
 i - an uncursed ring of fire
 m - the ring "Jeraorez" {SustAt +Inv}
   (You found it on level 8 of the Lair of Beasts)

   [ring of sustain attributes]

   It sustains your strength, intelligence and dexterity.
   It lets you turn invisible.
 n - an amulet of faith (around neck)
 s - a ring of protection from cold (left hand)
 t - the ring of Panentheism {rElec rF- MR+ Str+3 Dex+2}
   (You found it in a labyrinth)

   [ring of strength]

   It affects your strength (+3).
   It affects your dexterity (+2).
   It makes you vulnerable to fire.
   It insulates you from electricity.
   It affects your resistance to hostile enchantments.
 D - a ring of protection from magic (right hand)
 V - an uncursed amulet of resist corrosion
 X - an uncursed amulet of regeneration
Magical devices
 N - a wand of teleportation (3)
 Q - a wand of digging (16)
Scrolls
 a - 2 scrolls of holy word
 g - 15 scrolls of remove curse
 k - 5 scrolls of blinking
 q - 6 scrolls of enchant weapon
 u - 5 scrolls of recharging
 v - 7 scrolls of magic mapping
 w - 8 scrolls of identify
 P - 3 scrolls of teleportation
Potions
 d - 6 potions of might
 f - 5 potions of agility
 h - 5 potions of heal wounds
 j - 6 potions of curing
 l - a potion of flight
 o - a potion of cancellation
 z - a potion of cure mutation
 B - 5 potions of resistance
 E - 3 potions of invisibility
 G - 2 potions of haste
 J - 2 potions of ambrosia
Miscellaneous
 I - a stone of tremors
 K - a lamp of fire
Comestibles
 e - 16 bread rations
 p - 8 slices of pizza
 r - 3 chunks of flesh
 x - 11 meat rations
 A - 14 beef jerkies
 H - 6 royal jellies
 L - 28 fruits


   Skills:
 + Level 17.6 Fighting
 + Level 18.9 Axes
 + Level 16.7 Armour
 + Level 9.3 Dodging
 + Level 12.8 Shields
 - Level 9.9 Invocations


You had 16 spell levels left.
You didn't know any spells.

Dungeon Overview and Level Annotations

Branches:
Dungeon (10/15)            Temple (1/1) D:7            Lair (8/8) D:9
  Swamp (4/4) Lair:4       Spider (4/4) Lair:6        Slime (0/6) Lair:6
    Orc (4/4) D:10            Elf (0/3) Orc:3

Altars:
Ashenzari
Cheibriados
Dithmenos
Elyvilon
Fedhas
Gozag
Kikubaaqudgha
Makhleb
Nemelex Xobeh
Okawaru
Qazlal
Ru
Sif Muna
Trog
Vehumet
Xom
Yredelemnul
Zin
The Shining One
Jiyva

Shops:
D:4 (   D:10 [   Orc:2 *   Orc:4 ([*:

Portals:
Hell: Lair:8

Annotations:
Lair:6 1 runed door


Innate Abilities, Weirdness & Mutations

You have a somewhat thin skeletal structure (Dex +2, Stealth).
Your flesh is cold resistant.


Message History

The redback poisons you!
Drink which item? (? for menu, Esc to quit)
You feel much better.
You feel very sick. The jumping spider pounces on you.
* * * LOW HITPOINT WARNING * * *
The jumping spider bites you.
* * * LOW HITPOINT WARNING * * *
You block the jumping spider's attack. x2
The redback bites you!
* * * LOW HITPOINT WARNING * * *
The moth of wrath bites you.
* * * LOW HITPOINT WARNING * * *
The jumping spider completely misses you.
You block the jumping spider's attack. The jumping spider pounces on you!
* * * LOW HITPOINT WARNING * * *
The jumping spider bites you!
* * * LOW HITPOINT WARNING * * *
The redback bites you.
You die...

##.##^..### #.......
##...#.....# ##....^..
#^.........### ###.....^$/
##..........^## #..........
###^...........#####..........
#.##.......#....##^#..........
#^.####..^.#....#.............
##........^....s.)......^......
#.........<...@sswsp...........
###^....#^^...sys.......ยง......
#.......#########..^....#..^.^.
##.....##^^...........##.......
##...##..............#........
#..####..........^###....?.#.
#..# ##..........#........##
#### ###....?...#.^^......^
#......#^###^#.......


You could see an entropy weaver, a torpor snail, a wolf spider, a moth of wrath,
2 jumping spiders, a tarantella and 2 redbacks.

Vanquished Creatures
  Agnes (Spider:4)
  A thorn hunter (Swamp:3)
  Donald (Orc:2)
  An orc warlord (Orc:4)
  Maud (Lair:5)
  2 emperor scorpions
  Aizul (Swamp:2)
  A minotaur (Lab)
  A fire dragon (Swamp:4)
  Josephine (Lair:5)
  25 hydras
  An entropy weaver (Spider:3)
  14 alligators
  4 death yaks
  5 orc high priests
  Sonja (Lair:2)
  A fire crab (Lair:7)
  4 spriggans
  A sun demon (Lair:8)
  A wizard (Lair:8)
  An unseen horror (D:10)
  3 spriggan druids
  15 swamp dragons
  4 orc knights
  An ice statue (Lair:8)
  3 shambling mangroves (Swamp:4)
  8 orb spiders
  19 wolf spiders
  6 hornets
  2 griffons
  6 orc sorcerers
  5 elephants (Lair:3)
  3 orange demons (Lair:8)
  Maurice (Orc:2)
  23 spiny frogs
  5 black mambas
  3 torpor snails
  A smoke demon (Lair:8)
  8 fire drakes
  3 red devils (Lair:8)
  9 demonic crawlers
  3 trolls
  9 komodo dragons
  A hellwing (Lair:8)
  A freezing wraith (Lair:8)
  22 jumping spiders
  A queen bee (Lair:2)
  49 blink frogs
  A polar bear (Lair:8)
  4 blue devils
  4 giant leeches
  8 bog bodies
  8 ravens
  10 slime creatures
  2 boulder beetles
  12 tarantellas
  A ynoxinul (Orc:4)
  2 basilisks
  4 trapdoor spiders
  56 yaks
  33 redbacks
  6 fire bats (Volcano)
  The ghost of Fluffy the Covered, an average HOFi (D:4)
  A human (D:9)
  2 vampire mosquitoes (Swamp:4)
  A hungry ghost (D:7)
  A shadow (Swamp:2)
  5 wraiths (Lair:5)
  13 hippogriffs
  A neqoxec (Swamp:3)
  4 wargs
  20 insubstantial wisps
  18 wolves
  12 water moccasins
  A hell hound (Lair:8)
  19 swamp worms
  6 porcupines
  35 orc warriors
  7 wasps
  15 swamp drakes
  10 ice beasts
  A black bear (D:10)
  22 spiders
  A sky beast (D:6)
  4 phantoms
  11 ogres
  3 centaurs
  12 crocodiles
  Blork the orc (D:6)
  2 gnoll sergeants
  19 giant frogs
  3 scorpions
  A troll zombie (D:10)
  14 killer bees
  12 wights
  3 electric eels
  4 crimson imps
  A centaur zombie (D:5)
  4 hounds
  11 iguanas
  3 jellies
  2 giant frog skeletons
  5 lava snakes (Volcano)
  A centaur skeleton (D:10)
  Crazy Yiuf (D:6)
  A gnoll shaman (D:7)
  Ijyb (D:2)
  38 orc wizards
  21 orc priests
  Terence (D:3)
  7 worker ants
  17 sheep
  7 ogre zombies (D:10)
  A hound skeleton (D:4)
  14 mummies (Ossuary)
  4 worker ant zombies
  Robin (D:2)
  49 river rats
  12 gnolls
  18 adders
  3 shadow imps
  2 white imps (Lair:8)
  3 oozes
  2 adder skeletons
  An adder zombie (D:10)
  4 worms
  173 orcs
  15 bats
  30 goblins
  22 hobgoblins
  13 jackals
  15 kobolds
  3 quokkas
  3 ball pythons
  3 giant cockroaches
  2 giant gecko zombies
  4 giant newts
  A gnoll skeleton (Ossuary)
  2 goblin skeletons (Ossuary)
  A goblin zombie (D:10)
  A hobgoblin zombie (D:10)
  2 kobold skeletons (Ossuary)
  5 orc skeletons
  21 orc zombies (D:10)
  8 rats
  11 rat skeletons (Ossuary)
  A butterfly (D:7)
  4 fungi
  5 plants
1299 creatures vanquished.

Vanquished Creatures (others)
  A ghost moth (Spider:1)
  A swamp dragon (Swamp:4)
  2 swamp drakes (Swamp:4)
  8 fungi
  3 plants
15 creatures vanquished.

Grand Total: 1314 creatures vanquished

Notes
Turn   | Place    | Note
--------------------------------------------------------------
     0 | D:1      | Fluffy the Hill Orc Fighter began the quest for the Orb.
     0 | D:1      | Reached XP level 1. HP: 19/19 MP: 1/1
    58 | D:1      | Reached XP level 2. HP: 20/27 MP: 2/2
   326 | D:1      | Reached skill level 4 in Fighting
   340 | D:1      | Reached XP level 3. HP: 24/33 MP: 3/3
   779 | D:2      | Noticed Robin
   818 | D:2      | Killed Robin
   953 | D:2      | Reached XP level 4. HP: 41/41 MP: 4/4
  1013 | D:2      | Noticed Ijyb
  1029 | D:2      | Killed Ijyb
  1269 | D:2      | Found an ancient bone altar of Kikubaaqudgha.
  1547 | D:2      | Reached XP level 5. HP: 43/47 MP: 5/5
  1701 | D:3      | Noticed Terence
  1719 | D:3      | Killed Terence
  1719 | D:3      | Reached skill level 5 in Fighting
  1815 | D:3      | Noticed a centaur
  1839 | D:3      | Killed a centaur
  1839 | D:3      | Reached skill level 5 in Axes
  1839 | D:3      | Reached skill level 5 in Armour
  1839 | D:3      | Reached XP level 6. HP: 45/56 MP: 6/6
  2643 | D:4      | Reached skill level 6 in Axes
  2643 | D:4      | Reached XP level 7. HP: 56/62 MP: 7/7
  2891 | D:4      | Found Emuoll's Weapon Boutique.
  2949 | D:4      | Found a bloodstained altar of Trog.
  3081 | D:4      | Noticed Fluffy's ghost (average HOFi)
  3098 | D:4      | Killed Fluffy's ghost
  3103 | D:4      | HP: 3/64 [poisoned by a worker ant]
  3657 | D:5      | Entered Level 5 of the Dungeon
  3719 | D:5      | Reached skill level 7 in Axes
  3729 | D:5      | Reached XP level 8. HP: 48/71 MP: 8/8
  4144 | D:5      | Found a bloodstained altar of Trog.
  4438 | D:5      | Reached skill level 8 in Axes
  4619 | D:6      | Found a sand-covered staircase.
  4623 | Ossuary  | Entered an ossuary
  5224 | D:6      | Noticed Crazy Yiuf
  5232 | D:6      | Killed Crazy Yiuf
  5334 | D:6      | Reached XP level 9. HP: 80/82 MP: 9/9
  5336 | D:6      | Found a sacrificial altar of Ru.
  5343 | D:6      | Reached skill level 9 in Axes
  5414 | D:6      | Found a snail-covered altar of Cheibriados.
  5788 | D:6      | Noticed Blork the orc
  5799 | D:6      | Killed Blork the orc
  6252 | D:7      | Reached skill level 10 in Axes
  7078 | D:7      | Found a radiant altar of Vehumet.
  7290 | D:7      | Found a staircase to the Ecumenical Temple.
  7301 | Temple   | Entered the Ecumenical Temple
  7391 | Temple   | Became a worshipper of Warmaster Okawaru
  7561 | D:7      | Reached XP level 10. HP: 93/93 MP: 10/10
  7775 | D:8      | Reached skill level 10 in Fighting
  7779 | D:8      | Reached skill level 1 in Invocations
  7919 | D:8      | Reached skill level 11 in Axes
  8988 | D:9      | Found a sacrificial altar of Ru.
  8988 | D:9      | Found a glowing golden altar of the Shining One.
  8988 | D:9      | Found a burning altar of Makhleb.
  9032 | D:9      | Found a staircase to the Lair.
  9036 | D:9      | Acquired Okawaru's first power
  9429 | D:9      | Reached skill level 10 in Armour
 10062 | D:9      | Found a stormy altar of Qazlal.
 10326 | D:10     | Entered Level 10 of the Dungeon
 10328 | D:10     | Found Toosm's Armour Shop.
 10411 | D:10     | Found a staircase to the Orcish Mines.
 10512 | D:10     | Reached skill level 5 in Invocations
 10679 | D:10     | Reached skill level 12 in Axes
 10982 | D:10     | Reached XP level 11. HP: 91/102 MP: 15/15
 11652 | D:10     | Killed an unseen horror
 11784 | Lair:1   | Entered Level 1 of the Lair of Beasts
 11806 | Lair:1   | Gained mutation: You have a somewhat thin skeletal structure (Dex +2, Stealth). [potion of beneficial mutation]
 12266 | Lair:1   | Upgraded the game from 0.17-a0-1133-gfb1399f to 0.17-a0-1141-g3e25b61
 12753 | Lair:2   | Reached skill level 13 in Axes
 12759 | Lair:2   | Acquired Okawaru's second power
 13086 | Lair:2   | Noticed a six-headed hydra
 13145 | Orc:1    | Entered Level 1 of the Orcish Mines
 13558 | Orc:2    | Noticed an orc knight
 13581 | Orc:2    | Killed an orc knight
 13581 | Orc:2    | Received a gift from Okawaru
 13581 | Orc:2    | Reached XP level 12. HP: 16/113 MP: 18/18
 13962 | Orc:2    | Noticed Maurice
 13978 | Orc:2    | Killed Maurice
 14093 | Orc:2    | Found Fesacaev's Assorted Antiques.
 14356 | Orc:3    | Noticed Donald
 14383 | Orc:2    | Killed Donald
 15078 | Orc:3    | Found a staircase to the Elven Halls.
 15452 | Lair:2   | Killed a one-headed hydra
 15637 | Lair:2   | Noticed Sonja
 15742 | Lair:2   | Killed Sonja
 16164 | Lair:2   | Reached skill level 14 in Axes
 16374 | Lair:2   | Received a gift from Okawaru
 16385 | Lair:2   | Reached skill level 1 in Dodging
 16902 | Lair:3   | Identified a cursed -1 rod of destruction (9/9) (You found it on level 3 of the Lair of Beasts)
 17540 | Lair:3   | Reached XP level 13. HP: 95/122 MP: 20/20
 17557 | Lair:3   | Reached skill level 5 in Shields
 18096 | Lair:4   | Got a faintly glowing glaive
 18217 | Lair:4   | Found a staircase to the Swamp.
 19013 | Lair:5   | Noticed Josephine
 19022 | Lair:5   | Killed Josephine
 19022 | Lair:5   | Received a gift from Okawaru
 19317 | Lair:5   | Reached skill level 15 in Axes
 19717 | Lair:5   | Received a gift from Okawaru
 19846 | Lair:5   | Noticed Maud
 19872 | Lair:5   | Killed Maud
 20353 | Lair:5   | Reached XP level 14. HP: 45/132 MP: 21/21
 20968 | Lair:6   | Received a gift from Okawaru
 20972 | Lair:6   | Got a pair of smoking gloves
 20989 | Lair:6   | Identified the +2 pair of gloves of Goepn {MR+} (You found it on level 6 of the Lair of Beasts)
 21138 | Lair:6   | Found a runed door.
 21139 | Lair:6   | Noticed an azure jelly
 21140 | Lair:6   | Found a viscous altar of Jiyva.
 21140 | Lair:6   | Found a staircase to the Slime Pits.
 21140 | Lair:6   | Noticed an azure jelly
 21336 | Lair:6   | Found a hole to the Spider Nest.
 21412 | Lair:6   | Reached skill level 5 in Dodging
 22491 | Lair:7   | Found a labyrinth entrance.
 22500 | Lab      | Entered a labyrinth
 22799 | Lab      | Identified a +2 rod of destruction (8/11) (You took it off a minotaur in a labyrinth)
 22806 | Lab      | Got a translucent lead ring
 22808 | Lab      | Identified the ring of Panentheism {rElec rF- MR+ Str+3 Dex+2} (You found it in a labyrinth)
 22815 | Lab      | Identified a +3 rod of ignition (13/13) (You found it in a labyrinth)
 23047 | Lair:7   | Reached skill level 16 in Axes
 23299 | Lair:7   | Received a gift from Okawaru
 23690 | Lair:8   | Entered Level 8 of the Lair of Beasts
 23744 | Lair:8   | Found a dark tunnel.
 23751 | Volcano  | Entered a volcano
 24162 | Volcano  | Found a bloodstained altar of Trog.
 24704 | Lair:8   | Reached skill level 15 in Fighting
 25031 | Lair:8   | Reached XP level 15. HP: 58/141 MP: 22/22
 25555 | Lair:8   | Found a burning altar of Makhleb.
 25569 | Lair:8   | Received a gift from Okawaru
 25665 | Lair:8   | Found a gateway to Hell.
 26257 | Lair:8   | Got a fine wooden ring
 26268 | Lair:8   | Gained mutation: Your flesh is cold resistant. [potion of beneficial mutation]
 26272 | Lair:8   | Identified the ring "Jeraorez" {SustAt +Inv} (You found it on level 8 of the Lair of Beasts)
 26409 | Lair:3   | Noticed a four-headed hydra
 26417 | Lair:3   | Killed a one-headed hydra
 26532 | Orc:4    | Entered Level 4 of the Orcish Mines
 26810 | Orc:4    | Received a gift from Okawaru
 26811 | Orc:4    | Got a faintly glowing scale mail {god gift}
 26865 | Orc:4    | Identified the +3 scale mail "Yvanopul" {rC+ rN+ rCorr Str+2} (Okawaru gifted it to you on level 4 of the Orcish Mines)
 26910 | Orc:4    | Reached skill level 10 in Shields
 27444 | Orc:4    | Reached skill level 15 in Armour
 27819 | Orc:4    | Found Ciseasost's Antique Armour Shop.
 27820 | Orc:4    | Found Xyolav's Antique Weapon Boutique.
 27823 | Orc:4    | Found Kunok's General Store.
 27823 | Orc:4    | Found Qassac's Book Shop.
 27830 | Orc:4    | Reached skill level 17 in Axes
 27909 | Orc:4    | Bought the +1 ratskin cloak {rPois rN+ Int-1 Dex-1} for 579 gold pieces
 28129 | Swamp:1  | Entered Level 1 of the Swamp
 28447 | Swamp:1  | Received a gift from Okawaru
 28448 | Swamp:1  | Got an encrusted buckler {god gift}
 28467 | Swamp:1  | Identified the +0 buckler of Nibugega {rPois Str+3 Dex-4} (Okawaru gifted it to you on level 1 of the Swamp)
 29424 | Swamp:1  | Reached XP level 16. HP: 118/151 MP: 23/23
 29837 | Swamp:2  | Noticed Aizul
 29855 | Swamp:2  | Killed Aizul
 30776 | Swamp:2  | Received a gift from Okawaru
 31242 | Swamp:3  | Noticed a thorn hunter
 31257 | Swamp:3  | Killed a thorn hunter
 32086 | Swamp:4  | Entered Level 4 of the Swamp
 32924 | Swamp:4  | Received a gift from Okawaru
 32926 | Swamp:4  | Reached skill level 18 in Axes
 33228 | Swamp:4  | Received a gift from Okawaru
 33865 | Swamp:4  | Reached XP level 17. HP: 149/160 MP: 24/24
 34370 | Swamp:4  | Got a decaying rune of Zot
 35009 | Spider:1 | Entered Level 1 of the Spider Nest
 35498 | Spider:1 | Identified a scroll of acquirement
 35501 | Spider:1 | Got a pair of warped boots
 35522 | Spider:1 | Identified the +0 pair of boots of Masochism {Dex+4} (You acquired it on level 1 of the Spider Nest)
 36836 | Spider:3 | Received a gift from Okawaru
 36950 | Spider:3 | Received a gift from Okawaru
 38065 | Spider:4 | Entered Level 4 of the Spider Nest
 38113 | Spider:4 | Noticed Agnes
 38130 | Spider:4 | Killed Agnes
 38271 | Spider:4 | HP: 3/162 [jumping spider (8)]
 38271 | Spider:4 | Slain by a redback

Vault maps used:
D:1:      ncdulo_wetmaze, st_stairs_4
D:2:      old_standard_altar, serial_bayou_pond_c, uniq_iyjb, uniq_robin
D:3:      minmay_unequal, uniq_terence
D:4:      serial_shops, shop, first_bread, grunt_decor_one_mirror,
          minmay_misc_feat_roman, supply_closet_lemuel, bloody_trog
D:5:      kennysheep_mini
D:6:      cheibriados_altar_1, enter_ossuary_5,
          nicolae_ru_great_annihilating_truth, uniq_crazy_yiuf_cottage,
          uniq_blork_the_orc
D:7:      vehumet_altar_wand_db, minmay_temple_entry_butterflies
D:9:      gammafunk_temple_overflow_forgotten, dpeg_lair_monsters,
          grunt_livestock, nicolae_qazlal_eye_of_the_storm
D:10:     zombieorc2_lemuel, serial_shops, nicolae_shop_behind_doors,
          kennysheep_generic_room_6
Temple:   circular_temple_12
Lair:2:   special_room, serial_bayou_shore_b, infiniplex_staircase_pool,
          uniq_sonja
Lair:3:   lemuel_fruit_fields, grunt_megastairs_2
Lair:4:   swamp_mist_pool, grunt_forest_small_clearing_treed
Lair:5:   statuecave_lemuel, uniq_maud, uniq_josephine
Lair:6:   nicolae_spider_entry_orb_guardian, slime_altar_2, minivault_25,
          lemuel_fruit_tree, grunt_megastairs_4, serial_bayou_shore_a
Lair:7:   lab_entry_generic
Lair:8:   evil_forest, lightli_volcano_entry_magma_tube, ice2_lemuel
Swamp:1:  evilmike_swamp_ruin_house_1, st_swamp_ruins_3
Swamp:2:  serial_swamp_ruin, evilmike_swamp_ruin_rubble_1,
          evilmike_swamp_ruin_house_4, evilmike_swamp_ruin_house_3, uniq_aizul
Swamp:3:  evilmike_swamp_ruin_house_2, swamp_pool5, grunt_hermit_hut
Swamp:4:  swamp_alternative
Spider:4: grunt_spider_rune_circles, uniq_agnes, uniq_arachne
Orc:2:    serial_shops, nicolae_shop_stone, lightli_orcish_oven, uniq_maurice
Orc:3:    nicolae_orc_pool_cavern, uniq_donald
Orc:4:    st_orc_congregation
Lab:      labyrinth_mini_lab
Ossuary:  ossuary_due_small_catacomb
Volcano:  volcano_grotto

Action                   |  1- 3 |  4- 6 |  7- 9 | 10-12 | 13-15 | 16-18 || total
-------------------------+-------+-------+-------+-------+-------+-------++-------
Melee: War axe           |   136 |   210 |   386 |     8 |   227 |   400 ||  1367
       Battleaxe         |       |       |   174 |   634 |       |       ||   808
       Broad axe         |       |       |       |   267 |  1221 |   906 ||  2394
Invok: Heroism           |       |       |       |     2 |     5 |     3 ||    10
       Finesse           |       |       |       |     1 |     4 |     2 ||     7
Evoke: Wand              |       |       |     1 |    13 |       |     2 ||    16
  Use: Scroll            |       |       |    21 |     5 |    10 |    10 ||    46
       Potion            |       |       |     1 |     1 |     4 |     3 ||     9
 Stab: Paralysed         |       |       |     1 |       |       |       ||     1
       Sleeping          |       |       |       |       |       |     1 ||     1
  Eat: Chunk             |       |     6 |    16 |    34 |    39 |    31 ||   126
       Fruit             |       |       |       |       |     2 |       ||     2
       Bread ration      |       |       |       |       |       |     1 ||     1
